 Dungeon Crawl Stone Soup version 0.18.1-50-g88ac8fd (webtiles) character file.

993 lorenzova the Ducker (level 8, -4/64 HPs)
             Began as a Merfolk Skald on Oct 17, 2016.
             Was an Initiate of Yredelemnul.
             Slain by an orc warrior
             ... wielding a +0 war axe
              (13 damage)
             ... on level 6 of the Dungeon.
             The game lasted 00:14:53 (6509 turns).

lorenzova the Ducker (Merfolk Skald)                Turns: 6509, Time: 00:14:53

Health: -4/64      AC:  7    Str: 14    XL:     8   Next: 19%
Magic:  11/13      EV:  9    Int: 12    God:    Yredelemnul [......]
Gold:   258        SH:  3    Dex: 13    Spells: 3 memorised, 9 levels left

rFire  . . .     SeeInvis .     a - +0 spear
rCold  + . .     Gourm    .     p - +1 ring mail {rC+}
rNeg   . . .     Faith    .     (no shield)
rPois  .         Spirit   .     (no helmet)
rElec  .         Dismiss  .     j - +0 cloak
rCorr  .         Reflect  +     (no gloves)
SustAt .         Harm     .     (no boots)
MR     .....                    i - +3 amulet of reflection
Stlth  +.........               (no ring)
                                (no ring)

@: infused, not resistant to hostile enchantments, very unstealthy
A: change form in water, swift swim
a: Renounce Religion


You were on level 6 of the Dungeon.
You worshipped Yredelemnul.
Yredelemnul was noncommittal.
You were hungry.

You visited 2 branches of the dungeon, and saw 7 of its levels.
You also visited: Sewer.

You collected 258 gold pieces.

Inventory:

Hand Weapons
 a - a +0 spear (weapon)
Armour
 j - a +0 cloak (worn)
 p - a +1 ring mail of cold resistance (worn)
 v - a troll hide {Purgy}
Jewellery
 h - an uncursed ring of fire
 i - a +3 amulet of reflection (around neck)
Scrolls
 b - 3 scrolls of teleportation
 e - a scroll of blinking {unknown}
 r - a scroll of recharging {unknown}
 w - a scroll of torment {unknown}
 x - 4 scrolls of remove curse
 y - a scroll of fog
 D - a scroll of magic mapping
Potions
 f - 2 potions of degeneration
 g - a potion of magic
 m - 3 potions of flight
 n - 2 potions of heal wounds {unknown}
 q - 3 potions of cure mutation {unknown}
 s - 4 potions of curing
 t - a potion of haste {unknown}
 u - a potion of brilliance {unknown}
 z - 3 potions of might {unknown}
Books
 c - a book of Battle

   Spells                             Type                      Level
   a - Infusion                       Charms                       1
   b - Shroud of Golubria             Charms/Translocation         2
   c - Song of Slaying                Charms                       2
   d - Spectral Weapon                Hexes/Charms                 3
   e - Regeneration                   Charms/Necromancy            3
Comestibles
 d - 3 bread rations
 k - a royal jelly
 l - 2 meat rations
 B - a beef jerky
 C - 5 fruits


   Skills:
 * Level 5.7 Fighting
 - Level 3.0 Polearms
 - Level 0.6 Armour
 * Level 7.8 Dodging
 + Level 3.8 Spellcasting
 + Level 5.0 Charms


You had 9 spell levels left.
You knew the following spells:

 Your Spells              Type           Power        Failure   Level  Hunger
a - Infusion              Chrm           ##..         10%         1    #......
b - Song of Slaying       Chrm           ##......     12%         2    ##.....
c - Shroud of Golubria    Chrm/Tloc      #.........   30%         2    ##.....


Dungeon Overview and Level Annotations

Branches:
Dungeon (6/15)             Temple (1/1) D:4

Altars:
Ashenzari
Cheibriados
Elyvilon
Fedhas
Gozag
Makhleb
Nemelex Xobeh
Okawaru
Pakellas
Qazlal
Sif Muna
Xom
Yredelemnul
The Shining One


Message History

Your giant frog zombie closely misses the orc warrior.
You hit the orc warrior but do no damage.
The orc warrior is moderately wounded.
Your giant frog zombie closely misses the orc warrior.
The orc warrior completely misses you.
The orc warrior hits your giant frog zombie with a war axe.
You hit the orc warrior but do no damage.
The orc warrior is moderately wounded.
Your giant frog zombie barely misses the orc warrior.
A crocodile comes into view.
You hit the orc warrior.
The orc warrior is moderately wounded.
The orc warrior hits you with a war axe!!
* * * LOW HITPOINT WARNING * * *
The orc warrior hits your giant frog zombie with a war axe!
Your giant frog zombie hits the orc warrior.
Your giant frog zombie hits the orc warrior but does no damage.
The orc warrior hits you with a war axe!
You die...
Your body rises from the dead as a mindless zombie.

..# ..# ..#
..# .. t.#
... ..#
...######o.#
........@Z.#
...........#
+##........#
..#..o.....#
...........#
..).......##
..#######.##
........#.#
#.#####.#.###


You could see an orc warrior, a crocodile, an orc and a friendly giant frog
zombie.

Vanquished Creatures
  Purgy (Sewer)
  An ice beast (D:5)
  A centaur (D:3)
  A giant frog (D:6)
  A scorpion (D:4)
  4 orc priests
  3 hounds (D:5)
  3 orc wizards
  An iguana (D:4)
  Terence (D:2)
  2 worker ants (D:4)
  A hound skeleton (D:5)
  7 adders
  A river rat (D:4)
  3 oozes
  3 worms
  2 dart slugs
  5 giant geckos
  12 orcs
  5 giant cockroaches
  6 goblins
  A hobgoblin (D:2)
  17 jackals
  10 kobolds
  3 ball pythons (Sewer)
  A ball python zombie (D:5)
  8 bats
  A giant gecko skeleton (D:6)
  7 giant newts
  A jackal zombie (D:5)
  8 rats
121 creatures vanquished.

Notes
Turn   | Place    | Note
--------------------------------------------------------------
     0 | D:1      | lorenzova the Merfolk Skald began the quest for the Orb.
     0 | D:1      | Reached XP level 1. HP: 16/16 MP: 3/3
    72 | D:1      | Reached skill level 2 in Dodging
   146 | D:1      | Reached XP level 2. HP: 22/22 MP: 5/5
   199 | D:1      | Learned a level 2 spell: Song of Slaying
   269 | D:1      | Reached skill level 3 in Dodging
   678 | D:1      | Reached XP level 3. HP: 27/28 MP: 6/6
  1385 | D:2      | Reached XP level 4. HP: 25/34 MP: 7/7
  1621 | D:2      | Found a snail-covered altar of Cheibriados.
  1693 | D:2      | Found a shattered altar of Ashenzari.
  1732 | D:2      | Noticed Terence
  1771 | D:2      | Killed Terence
  1771 | D:2      | Reached skill level 4 in Dodging
  2112 | D:2      | Found a sparkling altar of Nemelex Xobeh.
  2178 | D:3      | Noticed a centaur
  2179 | D:3      | Reached XP level 5. HP: 41/41 MP: 8/8
  2220 | D:3      | Killed a centaur
  2619 | D:3      | Reached XP level 6. HP: 48/48 MP: 10/10
  3050 | D:4      | Reached skill level 5 in Dodging
  3358 | D:4      | Found a staircase to the Ecumenical Temple.
  3372 | Temple   | Entered the Ecumenical Temple
  3423 | Temple   | Became a worshipper of Yredelemnul the Dark
  3566 | D:4      | Found a glowing drain.
  3587 | Sewer    | Entered a sewer
  3602 | Sewer    | Reached XP level 7. HP: 31/55 MP: 6/11
  3775 | Sewer    | Noticed Purgy
  3940 | Sewer    | Killed Purgy
  3940 | Sewer    | Reached skill level 6 in Dodging
  4225 | D:4      | Reached skill level 5 in Fighting
  5282 | D:5      | Entered Level 5 of the Dungeon
  5419 | D:5      | Reached skill level 7 in Dodging
  5468 | D:5      | Learned a level 2 spell: Shroud of Golubria
  5743 | D:5      | Reached XP level 8. HP: 43/63 MP: 6/13
  6147 | D:6      | Reached * piety under Yredelemnul
  6147 | D:6      | Reached skill level 5 in Charms
  6264 | D:6      | Found a white marble altar of Elyvilon.
  6509 | D:6      | Slain by an orc warrior

Skill      XL: |  1  2  3  4  5  6  7  8 |
---------------+-------------------------+-----
Dodging        | 2 3 4 5 7 |  7.8
Fighting       | 3 4 5 |  5.7
Charms         | 4 5 |  5.0
Spellcasting   | 3 |  3.8
Polearms       | |  3.0
Armour         | |  0.6

Action                   |  1- 3 |  4- 6 |  7- 9 || total
-------------------------+-------+-------+-------++-------
Melee: Spear             |   149 |   288 |   293 ||   730
       Tailslap          |       |     7 |     7 ||    14
 Cast: Infusion          |     4 |     8 |    10 ||    22
       Song of Slaying   |       |     2 |     1 ||     3
Invok: Animate Remains   |       |       |     1 ||     1
  Use: Scroll            |       |     6 |     4 ||    10
       Potion            |       |     1 |       ||     1
 Stab: Sleeping          |       |     2 |       ||     2
  Eat: Chunk             |     2 |     6 |     9 ||    17
       Beef jerky        |       |     1 |       ||     1
Armor: Leather armour    |    33 |    10 |       ||    43
       Ring mail         |       |    59 |    73 ||   132
Dodge: Dodged            |    73 |   160 |   159 ||   392
Block: Other             |     3 |    38 |    29 ||    70
       Reflection        |       |     2 |       ||     2
